 Dungeon Crawl Stone Soup version 0.30-a0-223-gcb0039aa0c (webtiles) character file.

Game seed: 4330323363845412439

231 qw the Chopper (level 6, -10/38 HPs)
             Began as a Gargoyle Fighter on Oct 9, 2022.
             Mangled by an ogre
             ... wielding a +0 giant club
              (21 damage)
             ... on level 5 of the Dungeon.
             The game lasted 00:01:22 (3642 turns).

qw the Chopper (Gargoyle Fighter)                   Turns: 3642, Time: 00:01:23

Health: -10/38     AC: 16    Str: 21    XL:     6   Next: 4%
Magic:  6/6        EV:  7    Int:  9    God:
Gold:   165        SH:  4    Dex: 13    Spells: 5/5 levels left

rFire   . . .      SeeInvis +    Y - +0 war axe
rCold   + . .      Faith    .    c - +0 buckler
rNeg    + . .      Spirit   .    q - +0 chain mail
rPois   inf        Reflect  .    (no helmet)
rElec   +          Harm     .    (no cloak)
rCorr   .          Rampage  .    (no gloves)
Will    .....                    o - +2 pair of boots
Stlth   ..........               e - amulet of the acrobat
HPRegen 0.26/turn                a - ring of Boxel {Fly rC+ Dex+4 SInv}
MPRegen 0.10/turn                (no ring)

@: flying
A: sickness immunity, AC +4, negative energy resistance 1, electricity
resistance, torment resistance 1, petrification resistance
a: no special abilities


You were on level 5 of the Dungeon.
You visited 1 branch of the dungeon, and saw 5 of its levels.

You collected 165 gold pieces.


Innate Abilities, Weirdness & Mutations

You are immune to sickness and miasma.
Your stone body is resilient. (AC +4)
You are immune to poison.
You resist negative energy. (rN+)
You are resistant to electric shocks. (rElec)
You are resistant to unholy torment.
You are immune to petrification.


   Skills:
 - Level 4.0 Fighting
 + Level 5.0 Axes
 - Level 3.2 Armour
 - Level 1.0 Dodging
 - Level 3.2 Shields


You had 5 spell levels left.
You didn't know any spells.
Your spell library was empty.

Inventory:

Hand Weapons
 l - a +2 hand axe of flaming
 Y - a +0 war axe (weapon)
Armour
 c - a +0 buckler (worn)
 o - a +2 pair of boots (worn)
 q - a +0 chain mail (worn)
Jewellery
 a - the ring of Boxel (left hand) {Fly rC+ Dex+4 SInv}
   (You acquired it on level 1 of the Dungeon)

   [ring of see invisible]

   Dex:       It affects your dexterity (+4).
   rC:        It protects you from cold.
   SInv:      It lets you see invisible.
   Fly:       It grants you flight.
 e - an amulet of the acrobat (around neck)
Scrolls
 j - 2 scrolls of teleportation
 k - a scroll of identify
Potions
 b - a potion of haste {unknown}
 d - 4 potions of might
 f - a potion of cancellation {unknown}
 g - a potion of attraction {unknown}
 h - a potion of curing
 i - a potion of resistance {unknown}
 m - 3 potions of heal wounds
 p - a potion of magic {unknown}

Dungeon Overview and Level Annotations

Branches:
Dungeon (5/15)
 Temple: D:4-7

Altars:
Nemelex Xobeh
Wu Jian
Yredelemnul
The Shining One

Shops:
D:4 =


Message History

(1) D:4 (2) D:3 Assign waypoint to what number? (0-9, D - delete waypoint) Waypoint 2 re-assigned from D:3 to D:5.
Enter note: An ogre comes into view. It is wielding a +0 giant spiked club.
The ogre shouts!
3634 ||| STAIRDANCE The jackal bites you but does no damage.
The jackal barely misses you. You block the jackal's attack.
The jackal barely misses you.
You fly upwards.
There is a stone staircase leading down here.
You barely miss the jackal. You slash the jackal!
You kill the jackal!
The jackal bites you but does no damage.
You closely miss the jackal. The jackal closely misses you. x2
You slash the jackal!
You kill the jackal!
Your Fighting skill increases to level 4!
Done exploring.
(D) Dungeon
Where to? (* - list waypoints, Enter - D:5, ? - help)
What level of the Dungeon? (default 1, ? - help)
You fly downwards.
The ogre barely misses you. x2
There is a stone staircase leading up here.
There are monsters nearby!
You slash the ogre!
The ogre is moderately wounded.
You hit the ogre but do no damage.
The ogre hits you with a +0 giant club!!
Ouch! That really hurt!
The ogre hits you with a +0 giant spiked club!
You slash the ogre!
The ogre is almost dead.
You barely miss the ogre. The ogre barely misses you.
The ogre hits you with a +0 giant club!!
Ouch! That really hurt!
You die...

..........#
...$......#
..........#
..........#
.$........#
........!.#
..........#
......O@..#
......O...#
..........#
###########


You could see 2 ogres.

Vanquished Creatures
  A hound (D:4)
  5 adders
  7 gnolls
  A dart slug (D:2)
  6 orcs
  5 ball pythons
  2 bats
  6 endoplasms
  3 giant cockroaches
  10 goblins
  10 hobgoblins
  2 jackals (D:4)
  8 quokkas
  3 frilled lizards
  7 kobolds
  3 rats
79 creatures vanquished.

Notes
Turn   | Place    | Note
-------+----------+-------------------------------------------
     0 | D:1      | qw the Gargoyle Fighter began the quest for the Orb.
     0 | D:1      | Reached XP level 1. HP: 14/14 MP: 1/1
     0 | D:1      | 0 ||| qw: Version: 0.2-a-17-g06abaee
     0 | D:1      | 0 ||| qw: Game counter: 2211
     0 | D:1      | 0 ||| qw: Always use a shield: true
     0 | D:1      | 0 ||| qw: God list: Okawaru
     0 | D:1      | 0 ||| qw: Allow faded altars: false
     0 | D:1      | 0 ||| qw: Do Orc after D:15 true
     0 | D:1      | 0 ||| qw: Do second Lair branch before Depths: true
     0 | D:1      | 0 ||| qw: Lair rune preference: random
     0 | D:1      | 0 ||| qw: Plans: Normal, Zot:1-4, God:TSO, Crypt, Tomb,
                  | Pan, Slime:5, Hells, Abyss, Orb
     0 | D:1      | 0 ||| PLANNING D:1-11
    57 | D:1      | Reached skill level 2 in Axes
   136 | D:1      | Reached XP level 2. HP: 17/19 MP: 2/2
   180 | D:1      | 180 ||| Stepping ~*~*~tactically~*~*~ (stealth).
   181 | D:1      | 181 ||| Stepping ~*~*~tactically~*~*~ (stealth).
   182 | D:1      | 182 ||| Stepping ~*~*~tactically~*~*~ (stealth).
   260 | D:1      | Reached skill level 3 in Axes
   434 | D:1      | Reached XP level 3. HP: 23/23 MP: 3/3
   473 | D:1      | 473 ||| Stepping ~*~*~tactically~*~*~ (stealth).
  1024 | D:1      | 1024 ||| UPGRADING to +0 pair of boots.
  1029 | D:1      | 1029 ||| UPGRADING to +0 chain mail.
  1039 | D:1      | 1039 ||| DROPPING +0 scale mail.
  1040 | D:1      | 1040 ||| UPGRADING to amulet of the acrobat.
  1045 | D:1      | 1045 ||| READING scroll labelled SUMEPSYSIE.
  1046 | D:1      | 1046 ||| READING scroll labelled IRGHOD NAIFUIN.
  1047 | D:1      | 1047 ||| READING scroll labelled WAPOAL WUR.
  1048 | D:1      | 1048 ||| READING scroll labelled ROCHIMECHEO.
  1049 | D:1      | 1049 ||| READING scroll labelled BUKHLE HAPA.
  1049 | D:1      | Identified a scroll of acquirement
  1049 | D:1      | 1049 ||| ACQUIRING ring of Boxel {Fly rC+ Dex+4 SInv}
  1049 | D:1      | Acquired the ring of Boxel {Fly rC+ Dex+4 SInv}
  1051 | D:1      | 1051 ||| UPGRADING to ring of Boxel {Fly rC+ Dex+4 SInv}.
  1295 | D:2      | 1295 ||| Stepping ~*~*~tactically~*~*~ (stealth).
  1305 | D:2      | 1305 ||| Stepping ~*~*~tactically~*~*~ (stealth).
  1343 | D:2      | 1343 ||| Stepping ~*~*~tactically~*~*~ (stealth).
  1388 | D:2      | Reached XP level 4. HP: 27/28 MP: 4/4
  1521 | D:2      | 1521 ||| Stepping ~*~*~tactically~*~*~ (stealth).
  1538 | D:2      | 1538 ||| Stepping ~*~*~tactically~*~*~ (stealth).
  1539 | D:2      | 1539 ||| Stepping ~*~*~tactically~*~*~ (stealth).
  1548 | D:2      | Reached skill level 4 in Axes
  1648 | D:2      | 1648 ||| Stepping ~*~*~tactically~*~*~ (hiding).
  1981 | D:2      | 1981 ||| READING scroll labelled LEDGHA LIPE.
  1982 | D:2      | 1982 ||| READING 2 scrolls labelled KIKAEH XURESIAGO.
  1985 | D:2      | 1985 ||| DRINKING 3 black potions.
  1986 | D:2      | 1986 ||| DRINKING 3 grey potions.
  1987 | D:2      | 1987 ||| DROPPING 2 potions of brilliance.
  2108 | D:3      | Found a basalt altar of Yredelemnul.
  2262 | D:3      | Reached XP level 5. HP: 31/32 MP: 5/5
  2341 | D:3      | 2341 ||| DROPPING +0 flail.
  2367 | D:3      | HP: 6/32 [gnoll/+0 whip (8)]
  2368 | D:3      | 2368 ||| READING scroll of teleportation.
  2369 | D:3      | 2369 ||| DRINKING 2 potions of heal wounds.
  2606 | D:3      | Found a sparkling altar of Nemelex Xobeh.
  2613 | D:3      | Reached skill level 5 in Axes
  2949 | D:3      | 2949 ||| READING 2 scrolls labelled CUNEETUJOR.
  2950 | D:3      | 2950 ||| READING scroll of enchant armour.
  2950 | D:3      | 2950 ||| ENCHANTING +0 pair of boots.
  2951 | D:3      | 2951 ||| DRINKING 2 bubbling yellow potions.
  3052 | D:3      | 3052 ||| DROPPING potion of ambrosia.
  3078 | D:4      | Found Xupn's Jewellery Boutique.
  3081 | D:4      | 3081 ||| SHOPLISTING +4 ring of protection (396 gold, have
                  | 71).
  3081 | D:4      | 3081 ||| SHOPLISTING amulet of regeneration (330 gold, have
                  | 71).
  3081 | D:4      | 3081 ||| SHOPLISTING ring "Ilerhedd" {Ice Int+2} (398 gold,
                  | have 71).
  3081 | D:4      | 3081 ||| SHOPLISTING ring of positive energy (220 gold,
                  | have 71).
  3081 | D:4      | 3081 ||| SHOPLISTING ring of protection from cold (275
                  | gold, have 71).
  3179 | D:4      | Found an ornate altar of the Wu Jian Council.
  3302 | D:4      | Found a glowing golden altar of the Shining One.
  3363 | D:4      | 3363 ||| READING scroll of enchant armour.
  3363 | D:4      | 3363 ||| ENCHANTING +1 pair of boots.
  3390 | D:4      | 3390 ||| Stepping ~*~*~tactically~*~*~ (stealth).
  3397 | D:4      | Reached skill level 1 in Dodging
  3478 | D:4      | Reached XP level 6. HP: 38/38 MP: 6/6
  3613 | D:4      | 3613 ||| DROPPING ring of wizardry.
  3614 | D:4      | 3614 ||| READING scroll labelled EGELEA RIURATO.
  3615 | D:4      | 3615 ||| DRINKING 2 orange potions.
  3629 | D:5      | Entered Level 5 of the Dungeon
  3634 | D:5      | 3634 ||| STAIRDANCE
  3642 | D:5      | Mangled by an ogre

Levels and vault maps discovered:
D:1:      dpeg_arrival_rooms_c, layout_basic, shapermc_ecumenical_altar_petra
D:2:      layout_basic
D:3:      layout_loops_corners, mainiacjoe_overflow_tiny_flanked,
          nemelex_dance_club_becter
D:4:      layout_rooms, nicolae_tso_swordbearing_angel,
          nicolae_wu_jian_wuxing_cycle, serial_shops, nicolae_stop_n_shop_2,
          minmay_misc_feat_encased
D:5:      layout_basic

Skill      XL: |  1  2  3  4  5  6 |
---------------+-------------------+-----
Axes           | 2 3 4 5 |  5.0
Dodging        | 1 |  1.0
Fighting       | 4 |  4.0
Armour         | |  3.2
Shields        | |  3.2

Action                   |  1- 3 |  4- 6 || total
-------------------------+-------+-------++-------
Melee: War axe           |   101 |   125 ||   226
  Use: Scroll            |     5 |     7 ||    12
       Potion            |       |     5 ||     5
Armor: Scale mail        |    25 |       ||    25
       Chain mail        |    26 |    57 ||    83
Dodge: Dodged            |    37 |    49 ||    86
Block: Buckler           |    16 |    26 ||    42

Table legend:
 A = Non-vault XP
 B = Vault XP
 C = Vault XP percentage of total XP
 D = Non-vault monster count
 E = Vault monster count
 F = Vault count percentage of total count
                 A         B        C        D         E       F
            +---------+---------+-------+---------+---------+-------
      Total |     326 |       5 |   1.5 |      77 |       2 |   2.5
            +---------+---------+-------+---------+---------+-------
        D:1 |      50 |       0 |   0.0 |      22 |       0 |   0.0
        D:2 |      80 |       0 |   0.0 |      24 |       0 |   0.0
        D:3 |      99 |       5 |   4.8 |      21 |       2 |   8.7
        D:4 |      97 |       0 |   0.0 |      10 |       0 |   0.0
            +---------+---------+-------+---------+---------+-------
